 Dungeon Crawl Stone Soup version 0.29.1-1-gd02db6906a (webtiles) character file.

Game seed: 16346310502189487417

4548 pacmanke6689 the Cleaver (level 10, -4/90 HPs)
             Began as a Hill Orc Fighter on Sept 25, 2022.
             Was a Follower of Beogh.
             Shot with a sling bullet by Joseph (20 damage)
             ... on level 8 of the Dungeon.
             The game lasted 00:22:22 (8025 turns).

pacmanke6689 the Cleaver (Hill Orc Fighter)         Turns: 8025, Time: 00:22:23

Health: -4/90      AC:  9    Str: 25    XL:     10   Next: 40%
Magic:  10/10      EV: 12    Int:  8    God:    Beogh [*.....]
Gold:   437        SH:  5    Dex: 12    Spells: 9/9 levels left

rFire   . . .      SeeInvis +   n - +1 war axe (flame)
rCold   . . .      Faith    .   c - +0 buckler
rNeg    . . .      Spirit   .   o - +4 leather armour "Lash" {Str+3 SInv}
rPois   .          Reflect  .   (helmet restricted)
rElec   .          Harm     .   l - +0 cloak
rCorr   .          Rampage  .   (no gloves)
Will    .....                   (no boots)
Stlth   ++........              p - amulet of magic regeneration
HPRegen 0.25/turn               (no ring)
MPRegen 0.52/turn               (no ring)

@: studying Staves
A: antennae 1, no potion heal 1
a: Renounce Religion


You were on level 8 of the Dungeon.
You worshipped Beogh.
Beogh was aware of your devotion.
You visited 2 branches of the dungeon, and saw 9 of its levels.

You collected 437 gold pieces.

Inventory:

Hand Weapons
 n - a +1 war axe of flaming (weapon)
Missiles
 j - 3 boomerangs (quivered)
 q - a throwing net
Armour
 c - a +0 buckler (worn)
 l - a +0 cloak (worn)
 o - the +4 leather armour "Lash" (worn) {Str+3 SInv}
   (You found it on level 4 of the Dungeon)

   Str:       It affects your strength (+3).
   SInv:      It lets you see invisible.
 r - a +1 helmet
Jewellery
 h - a ring of fire
 p - an amulet of magic regeneration (around neck)
Wands
 d - a wand of light (5)
 v - a wand of roots (10)
 y - a wand of flame (22)
Scrolls
 a - a scroll of brand weapon
 k - 3 scrolls of teleportation
 s - a scroll of magic mapping
 u - 2 scrolls of amnesia
 w - 2 scrolls of identify
Potions
 b - a potion of brilliance
 e - a potion of lignification
 i - 4 potions of attraction
 m - a potion of degeneration


   Skills:
 + Level 8.6 Fighting
 + Level 12.5 Axes
 + Level 3.8 Throwing
 + Level 6.6 Armour
 + Level 3.4 Dodging
 + Level 2.3 Stealth
 + Level 5.3 Shields


You had 9 spell levels left.
You didn't know any spells.
Your spell library contained the following spells:

 Spells                   Type           Power      Damage    Failure   Level
 Gell's Gravitas          Tloc           0%         N/A       88%         3
 Lesser Beckoning         Tloc           0%         N/A       88%         3
 Portal Projectile        Hex/Tloc       0%         N/A       88%         3
 Teleport Other           Tloc           0%         N/A       88%         3
 Tukima's Dance           Hex            0%         N/A       88%         3
 Blade Hands              Tmut           0%         N/A       100%        5


Dungeon Overview and Level Annotations

Branches:
Dungeon (8/15)             Temple (1/1) D:7
   Lair: D:8-11

Altars:
Ashenzari
Cheibriados
Elyvilon
Fedhas
Gozag
Hepliaklqana
Makhleb
Nemelex Xobeh
Okawaru
Qazlal
Ru
Trog
Uskayaw
Vehumet
Wu Jian
Xom
Zin
The Shining One

Annotations:
D:8 Joseph


Innate Abilities, Weirdness & Mutations

You have a pair of small antennae on your head.
Potions are less effective at restoring your health.


Message History

Joseph shoots a sling bullet.
The sling bullet hits you!
You throw a boomerang.
The boomerang hits the two-headed ogre but does no damage.
The two-headed ogre is lightly wounded.
You throw a boomerang.
The boomerang hits the two-headed ogre but does no damage.
The two-headed ogre is lightly wounded.
You hit the two-headed ogre. You burn the two-headed ogre.
The two-headed ogre is lightly wounded.
The two-headed ogre misses you. You block the two-headed ogre's attack.
You hit the two-headed ogre. You burn the two-headed ogre.
The two-headed ogre is moderately wounded.
You hit Joseph. You burn Joseph.
Joseph unwields a +0 sling.
Joseph wields a +0 quarterstaff.
Joseph hits you with a +0 quarterstaff.
You barely miss the two-headed ogre.
The two-headed ogre is moderately wounded.
You barely miss Joseph. Joseph hits you with a +0 quarterstaff.
You block the two-headed ogre's attack. The two-headed ogre closely misses you.
Joseph hits you with a +0 quarterstaff.
You slash the two-headed ogre! You burn the two-headed ogre.
The two-headed ogre is heavily wounded.
You hit Joseph but do no damage. Joseph hits you with a +0 quarterstaff!
The two-headed ogre barely misses you. You block the two-headed ogre's attack.
Joseph unwields a +0 quarterstaff.
Joseph wields a +0 sling.
Joseph shoots a sling bullet.
The sling bullet hits you.
Joseph shoots a sling bullet.
The sling bullet hits you!
Joseph says, "You will never get the ORB, sorry."
As you read the scroll of teleportation, it crumbles to dust.
You feel strangely unstable.
Joseph unwields a +0 sling.
Joseph wields a +0 quarterstaff.
Joseph hits you with a +0 quarterstaff! Joseph attacks as you move away!
Joseph hits you with a +0 quarterstaff.
Joseph unwields a +0 quarterstaff.
Joseph wields a +0 sling.
Joseph shoots a sling bullet.
The sling bullet misses you.
Joseph shoots a sling bullet.
The sling bullet closely misses you.
Joseph shoots a sling bullet.
The sling bullet hits you!
* * * LOW HITPOINT WARNING * * *
Joseph shoots a sling bullet.
You block the sling bullet.
Your surroundings suddenly seem different.
Found a war axe.
Joseph shoots a sling bullet.
The sling bullet hits you!!
You die...

#.....# ##.#####
###### ##†.#
#....##########...####
#..........##.O@.....#
#....#........##.....#
##......#####.##.....#
##>.....# ###..#..[..#
........# #.....@....#
........# #.####.....#
.#......##..# #.....#
.......##..# #.......#
####...)).# #.......#
#.#.#).## #....#### .
#.#.....# #.#.<# .#
#.....#.# )..... .#
#....##...


You could see Joseph (fast).

Vanquished Creatures
  Amaemon (D:8)
  The ghost of TheUltimateLifeform the Cleaver, a novice HOFi of Beogh (D:6)
  An orange demon (D:8)
  Maggie (D:6)
  Psyche (D:8)
  Sigmund (D:4)
  A wyvern (D:8)
  A water moccasin (D:7)
  Duvessa (D:6)
  A black bear (D:7)
  2 ice beasts
  An orc warrior (D:7)
  3 ogres
  3 centaurs
  Blork the orc (D:4)
  A kobold brigand (D:8)
  2 gnoll sergeants
  A necrophage (D:4)
  A bullfrog (D:7)
  A scorpion (D:6)
  Dowan (D:6)
  3 howler monkeys
  3 jellies
  A hound (D:2)
  Jessica (D:2)
  4 iguanas
  8 orc wizards
  13 gnolls
  5 adders
  2 shadow imps
  2 white imps
  4 worms
  A dart slug (D:2)
  16 orcs
  7 ball pythons
  5 bats
  10 endoplasms
  A giant cockroach (D:1)
  2 goblins (D:1)
  3 hobgoblins
  2 quokkas (D:1)
  2 frilled lizards
  9 kobolds
  5 rats
136 creatures vanquished.

Vanquished Creatures (others)
  An adder (D:5)
1 creature vanquished.

Grand Total: 137 creatures vanquished

Notes
Turn   | Place    | Note
-------+----------+-------------------------------------------
     0 | D:1      | pacmanke6689 the Hill Orc Fighter began the quest for the
                  | Orb.
     0 | D:1      | Reached XP level 1. HP: 19/19 MP: 1/1
   219 | D:1      | Reached XP level 2. HP: 27/27 MP: 2/2
   524 | D:1      | Reached skill level 3 in Axes
   566 | D:1      | Reached XP level 3. HP: 31/33 MP: 3/3
  1102 | D:2      | Reached skill level 4 in Axes
  1102 | D:2      | Reached XP level 4. HP: 35/40 MP: 4/4
  1431 | D:2      | Reached skill level 1 in Throwing
  1692 | D:2      | Noticed Jessica
  1696 | D:2      | Killed Jessica
  1697 | D:2      | Reached XP level 5. HP: 46/46 MP: 5/5
  1810 | D:3      | Identified a scroll of acquirement
  1810 | D:3      | Acquired a +0 plate armour of poison resistance
  2041 | D:3      | Found a faded altar of an unknown god.
  2595 | D:4      | Reached skill level 1 in Stealth
  2595 | D:4      | Reached XP level 6. HP: 52/52 MP: 6/6
  2664 | D:4      | Identified the +4 leather armour "Lash" {Str+3 SInv}
  2765 | D:4      | Noticed Sigmund
  2772 | D:4      | Killed Sigmund
  2773 | D:4      | Reached skill level 5 in Axes
  2773 | D:4      | Reached skill level 5 in Armour
  2773 | D:4      | Reached XP level 7. HP: 56/59 MP: 7/7
  2813 | D:4      | Noticed Blork the orc
  2821 | D:4      | Killed Blork the orc
  3079 | D:4      | Found a shimmering altar of Xom.
  3087 | D:4      | Noticed an angel
  3091 | D:4      | Found a glowing silver altar of Zin.
  3263 | D:4      | Reached skill level 6 in Axes
  3600 | D:5      | Entered Level 5 of the Dungeon
  3646 | D:5      | Reached skill level 7 in Axes
  3675 | D:5      | Became a worshipper of Beogh the Brigand
  3689 | D:5      | Reached skill level 5 in Fighting
  3689 | D:5      | Reached XP level 8. HP: 49/68 MP: 8/8
  3920 | D:5      | Reached skill level 1 in Dodging
  4158 | D:5      | Identified the +0 leather armour of the Several Ears {Str+2
                  | Int+3 Dex-3 Stlth+}
  4183 | D:5      | Found a sparkling altar of Nemelex Xobeh.
  4223 | D:5      | Reached skill level 8 in Axes
  4485 | D:5      | Found a hide-covered altar of Uskayaw.
  4776 | D:6      | Gained mutation: Potions are less effective at restoring
                  | your health. [potion of mutation]
  4776 | D:6      | Gained mutation: You have a pair of small antennae on your
                  | head. [potion of mutation]
  4833 | D:6      | Noticed Maggie
  4846 | D:6      | Killed Maggie
  4847 | D:6      | Reached skill level 9 in Axes
  4890 | D:6      | Reached XP level 9. HP: 34/78 MP: 9/9
  5215 | D:6      | Reached skill level 10 in Axes
  5302 | D:6      | Found a blossoming altar of Fedhas.
  5342 | D:6      | Found a stormy altar of Qazlal.
  5397 | D:6      | Noticed Duvessa
  5403 | D:6      | Noticed Dowan
  5404 | D:6      | Killed Duvessa
  5404 | D:6      | Reached * piety under Beogh
  5414 | D:6      | Killed Dowan
  5644 | D:6      | Found a runed translucent gate.
  5644 | D:6      | Found a runed translucent gate.
  5644 | D:6      | Found a runed translucent gate.
  5645 | D:6      | Noticed TheUltimateLifeform's ghost (novice HOFi)
  5860 | D:6      | Found an iron altar of Okawaru.
  6012 | D:6      | Found a broken altar of Ashenzari.
  6244 | D:6      | Killed TheUltimateLifeform's ghost
  6245 | D:6      | Reached skill level 11 in Axes
  6323 | D:7      | Found a staircase to the Ecumenical Temple.
  6369 | D:7      | Reached skill level 5 in Shields
  7259 | Temple   | Entered the Ecumenical Temple
  7305 | D:8      | Noticed Amaemon
  7308 | D:8      | Noticed an orange demon
  7320 | D:8      | Killed Amaemon
  7321 | D:8      | Reached skill level 12 in Axes
  7321 | D:8      | Reached XP level 10. HP: 55/88 MP: 10/10
  7325 | D:8      | Killed an orange demon
  7505 | D:8      | Found a sacrificial altar of Ru.
  7509 | D:8      | Paralysed by a hornet for 3 turns
  7515 | D:8      | HP: 4/90 [poisoned by a hornet]
  7927 | D:8      | Noticed Psyche
  7935 | D:8      | Killed Psyche
  8008 | D:8      | Noticed Joseph
  8008 | D:8      | Noticed a two-headed ogre
  8025 | D:8      | Shot with a sling bullet by Joseph

Illustrated notes

Levels and vault maps discovered:
D:1:      erik_arrival_blinker_ship, layout_loops_ring
D:2:      layout_basic, uniq_jessica
D:3:      layout_basic, basic_ecumenical_altar
D:4:      layout_gridville, grunt_temple_overflow_order_and_chaos_1,
          minmay_stone_trees_small, uniq_blork_the_orc, uniq_sigmund
D:5:      layout_basic, nicolae_uskayaw_murder_on_the_dancefloor,
          nemelex_altar_shiori, minmay_manual_mares
D:6:      layout_cave_pools, okawaru_ov_weapons_minmay,
          nicolae_qazlal_scattered_showers, lemuel_round_altar,
          nicolae_ashenzari_skybound, ebering_ghost_rock_garden,
          nicolae_fountain_basement, uniq_maggie, uniq_duvessa
D:7:      layout_basic, minmay_temple_entry_purple_smoke, roderic_three_in_a_row
D:8:      layout_rooms, mainiacjoe_overflow_concentric_impassable,
          kiku_gazebo_pond_becter, uniq_joseph, uniq_erica, uniq_psyche,
          uniq_amaemon
Temple:   hellmonk_temple_rainy

Skill      XL: |  1  2  3  4  5  6  7  8  9 |
---------------+----------------------------+-----
Axes           | 3 4 5 7 9 12 | 12.5
Fighting       | 4 5 6 8 |  8.6
Armour         | 4 5 6 |  6.6
Throwing       | 1 2 3 |  3.8
Stealth        | 1 2 |  2.3
Shields        | 4 5 |  5.3
Dodging        | 1 3 |  3.4

Action                   |  1- 3 |  4- 6 |  7- 9 | 10-12 || total
-------------------------+-------+-------+-------+-------++-------
Melee: War axe           |    72 |    52 |   219 |    29 ||   372
Throw: Boomerang         |    25 |    56 |    18 |     3 ||   102
Invok: Convert to Beogh  |       |       |     1 |       ||     1
  Use: Scroll            |     3 |    12 |     4 |     4 ||    23
       Potion            |       |     1 |    17 |     3 ||    21
 Stab: Invisible         |       |       |       |     1 ||     1
Armor: Scale mail        |    39 |    10 |       |       ||    49
       Plate armour      |       |    22 |       |       ||    22
       Leather armour    |       |       |    96 |     7 ||   103
Dodge: Dodged            |    36 |    26 |   106 |    22 ||   190
Block: Buckler           |    14 |    11 |    55 |    10 ||    90
